 Dungeon Sprint DCSS version 0.31.0-12-g77e489cdc1 (webtiles) character file.

Game seed: 14952190135595126384

109 Heoruswealwe the Spear-Bearer (level 4, -2/45 HPs)
             Began as a Minotaur Fighter on Feb 13, 2024.
             Was an Initiate of Gozag.
             Slain by an acid dragon (4 damage)
             ... in the Dungeon (Sprint IX: "|||||||||||||||||||||||||||||").
             The game lasted 00:00:57 (107 turns).

Heoruswealwe the Spear-Bearer (Minotaur Fighter)     Turns: 107, Time: 00:00:58

Health: -2/45      AC:  7    Str: 22    XL:     4   Next: 60%
Magic:  3/3        EV:  9    Int:  5    God:    Gozag
Gold:   0          SH:  4    Dex: 10    Spells: 3/3 levels left

rFire   . . .        a - +0 trident
rCold   . . .        d - +0 buckler
rNeg    . . .        c - +0 scale mail
rPois   .            (helmet restricted)
rElec   .            (no cloak)
rCorr   .            (no gloves)
SInv    .            (no boots)
Will    .....        (no amulet) Stlth
                     (no ring)
HPRegen 0.27/turn    (no ring)
MPRegen 0.08/turn

%: no teleportation
@: gold aura
A: horns 2, retaliatory headbutt
a: Renounce Religion, Potion Petition, Call Merchant, Bribe Branch


You were in the Dungeon.
You worshipped Gozag.
Gozag was noncommittal.
You visited 1 branch

Inventory:

Hand Weapons
 a - a +0 trident (weapon)
Armour
 c - a +0 scale mail (worn)
 d - a +0 buckler (worn)
Jewellery
 k - a +2 ring of protection
 l - a +3 ring of intelligence
Wands
 h - a wand of roots (10)
Scrolls
 j - 2 scrolls of blinking
Potions
 b - a potion of might
 e - 5 potions of curing
 f - 3 potions of heal wounds
 g - a potion of haste
 i - a potion of berserk rage


   Skills:
 + Level 6.5 Fighting
 * Level 8.1 Polearms
 + Level 6.6 Armour
 - Level 3.6 Shields


You had 3 spell levels left.
You didn't know any spells.
Your spell library was empty.

Dungeon Overview and Level Annotations

Branches:
Dungeon (1/1)

Altars:
Cheibriados
Dithmenos
Elyvilon
Fedhas
Gozag
Hepliaklqana
Kikubaaqudgha
Makhleb
Nemelex Xobeh
Okawaru
Qazlal
Ru
Sif Muna
Trog
Uskayaw
Vehumet
Wu Jian
Xom
Yredelemnul
Zin
The Shining One
Jiyva
Lugonu


Innate Abilities, Weirdness & Mutations

You have a pair of horns on your head.
You reflexively headbutt those who attack you in melee.


Message History

The acid dragon spits acid at you.
The splash of acid hits something!!
Reactivating autopickup.
You feel a bit more experienced.
The wyvern is distracted by your dazzling golden aura.
The wyvern hisses angrily.
Your Fighting skill increases to level 6!
Your Polearms skill gained 2 levels and is now at level 8!
Your Armour skill increases to level 6!
You have reached level 4!
You feel agile.
The wyvern is no longer distracted by gold.
The acid dragon bites you. The acid dragon claws you.
There is an open door to the Dungeon here.
You see here 54 gold pieces.
You closely miss the acid dragon. The acid dragon bites you.
The acid dragon claws you but does no damage.
You barely miss the acid dragon.
The acid dragon bites you but does no damage.
The acid dragon claws you.
You hit the acid dragon.
The acid dragon is lightly wounded.
The howler monkey hoots and howls with incredible vigour!
The acid dragon bites you but does no damage.
The acid dragon claws you.
You hear a shout! x3
You barely miss the acid dragon. You headbutt the acid dragon!
The acid dragon is heavily wounded.
The orc warrior is distracted by your dazzling golden aura.
The acid dragon spits acid at you. The splash of acid hits you!!
* * * LOW HITPOINT WARNING * * *
The orc warrior shouts!
Unknown command.
You hit the acid dragon. Your headbutt misses the acid dragon.
The acid dragon is severely wounded.
The howler monkey hoots and howls with incredible vigour!
The acid dragon bites you.
You die...
Your body crumbles into a pile of gold. ▓▓▓▓▓▓▓▓▓▓▓▓▓▓▓▓▓▓▓▓▓▓▓▓ +.koh{D@..[[[.)?!'______ ▓▓▓▓▓▓▓▓▓▓▓▓▓▓▓▓▓▓▓▓▓▓▓▓

You could see an orc warrior, a wyvern, an acid dragon (catching breath) and a howler monkey (catching breath).

Vanquished Creatures
  A sleepcap (D)
  An adder (D)
  2 orcs (D)
  4 hobgoblins (D)
  A kobold (D)
  A quokka (D)
10 creatures vanquished.

Vanquished Creatures (others)
  An unseen horror (D)
1 creature vanquished.

Grand Total: 11 creatures vanquished

Notes
Turn   | Place    | Note
-------+----------+-------------------------------------------
     0 | D        | Heoruswealwe the Minotaur Fighter began the quest for the
                  | Orb.
     0 | D        | Reached XP level 1. HP: 19/19 MP: 0/0
     5 | D        | Reached skill level 3 in Polearms
    15 | D        | Reached skill level 4 in Polearms
    29 | D        | Noticed a sleepcap
    34 | D        | Killed a sleepcap
    35 | D        | Reached skill level 5 in Fighting
    35 | D        | Reached skill level 5 in Polearms
    35 | D        | Reached skill level 5 in Armour
    35 | D        | Reached XP level 2. HP: 21/29 MP: 1/1
    35 | D        | Reached XP level 3. HP: 26/36 MP: 2/2
    42 | D        | Reached skill level 6 in Polearms
    49 | D        | Found a snail-covered altar of Cheibriados.
    49 | D        | Found a shadowy altar of Dithmenos.
    49 | D        | Found a white marble altar of Elyvilon.
    49 | D        | Found a blossoming altar of Fedhas.
    49 | D        | Found an opulent altar of Gozag.
    50 | D        | Found a hazy altar of Hepliaklqana.
    51 | D        | Found a viscous altar of Jiyva.
    52 | D        | Found an ancient bone altar of Kikubaaqudgha.
    53 | D        | Found a corrupted altar of Lugonu.
    54 | D        | Found a burning altar of Makhleb.
    55 | D        | Found a sparkling altar of Nemelex Xobeh.
    56 | D        | Found an iron altar of Okawaru.
    57 | D        | Became a worshipper of Gozag Ym Sagoz the Greedy
    58 | D        | Found a stormy altar of Qazlal.
    59 | D        | Found a sacrificial altar of Ru.
    60 | D        | Found a shimmering blue altar of Sif Muna.
    61 | D        | Found a bloodstained altar of Trog.
    62 | D        | Found a hide-covered altar of Uskayaw.
    63 | D        | Found a radiant altar of Vehumet.
    64 | D        | Found an ornate altar of the Wu Jian Council.
    65 | D        | Found a shimmering altar of Xom.
    66 | D        | Found a basalt altar of Yredelemnul.
    67 | D        | Found a glowing silver altar of Zin.
    68 | D        | Found a glowing golden altar of the Shining One.
    93 | D        | Noticed a wyvern
    93 | D        | Noticed an orc warrior
    93 | D        | Noticed a shadow
    93 | D        | Noticed an acid dragon
   101 | D        | Killed an unseen horror
   102 | D        | Reached skill level 8 in Polearms
   102 | D        | Reached XP level 4. HP: 30/45 MP: 3/3
   106 | D        | HP: 2/45 [acid dragon/splash of acid (18)]
   107 | D        | Slain by an acid dragon

Illustrated notes

Levels and vault maps discovered:
D:        linesprint [early_d, line_temple, items_1, d_10, items_2, lair_1,
          lair_end, items_3, orc_1, orc_end, items_4, d_15, swamp_1, shoals_1,
          snake_1, spider_1, d_20, vaults_1, items_5, swamp_end, shoals_end,
          snake_end, spider_end, vaults_end, d_27, items_6, zot_1, zot_end,
          crypt_end, forest_end, elf_end, slime_end, tomb_end, abyss_end,
          pan_hell_end]

Skill      XL: |  1  2  3 |
---------------+----------+-----
Polearms       | 5 8 |  8.1
Fighting       | 5 6 |  6.5
Armour         | 5 6 |  6.6
Shields        | |  3.6

Action                     |  1- 3 |  4- 6 || total
---------------------------+-------+-------++-------
  Melee: Trident           |    30 |     5 ||    35
         Headbutt          |     7 |     1 ||     8
 Armour: Scale mail        |    20 |    10 ||    30
  Dodge: Dodged            |     5 |       ||     5
  Block: Buckler           |     7 |       ||     7
